 Dungeon Crawl Stone Soup version 0.31-a0-844-gdc52ec4e09 (webtiles) character file.

Game seed: 3492906291009901000

67 Ijustatesigmund the Firebug (level 3, -1/20 HPs)
             Began as a Deep Elf Fire Elementalist on Sept 29, 2023.
             Killed from afar by a dart slug (4 damage)
             ... with a slug dart
             ... on level 3 of the Dungeon.
             The game lasted 00:01:32 (1460 turns).

Ijustatesigmund the Firebug (DEFE)                  Turns: 1460, Time: 00:01:32

Health: -1/20      AC:  2    Str:  5    XL:     3   Next: 98%
Magic:  1/10       EV: 12    Int: 21    God:
Gold:   92         SH:  0    Dex: 15    Spells: 6/9 levels left

rFire   . . .        (no weapon)
rCold   . . .        (no shield)
rNeg    . . .        a - +0 robe
rPois   .            (no helmet)
rElec   .            (no cloak)
rCorr   .            (no gloves)
SInv    .            (no boots)
Will    .....        (no amulet)
Stlth   ++           (no ring)
HPRegen 0.23/turn    (no ring)
MPRegen 0.12/turn

%: no passive effects
@: no status effects
A: no striking features
a: no special abilities


You were on level 3 of the Dungeon.
You visited 1 branch of the dungeon, and saw 3 of its levels.

You collected 92 gold pieces.

Inventory:

Armour
 a - a +0 robe (worn)
Scrolls
 c - a scroll of revelation {unknown}
 d - a scroll of vulnerability {unknown}
 f - a scroll of teleportation {unknown}
 g - 2 scrolls of poison {unknown}
 h - a scroll of enchant armour {unknown}
Potions
 b - a potion of magic
 e - a potion of resistance {unknown}
 i - a potion of enlightenment {unknown}


   Skills:
 + Level 1.2 Fighting
 - Level 2.4 Dodging
 - Level 2.4 Stealth
 + Level 3.9 Spellcasting
 + Level 2.2 Conjurations
 + Level 3.9 Fire Magic


You had 6 spell levels left.
You knew the following spells:

 Your Spells              Type           Power      Damage    Failure   Level
a - Foxfire               Conj/Fire      68%        2x1d7     3%          1
b - Scorch                Fire           40%        2d6       3%          2

Your spell library contained the following spells:

 Spells                   Type           Power      Damage    Failure   Level
 Inner Flame              Hex/Fire       12%        N/A       16%         3
 Volatile Blastmotes      Fire/Tloc      24%        2d12      16%         3
 Flame Wave               Conj/Fire      17%        2d7       32%         4


Dungeon Overview and Level Annotations

Branches:
Dungeon (3/15)

Altars:
Ru

Shops:
D:1 (

Annotations:
D:2 Robin


Message History

You climb downwards.
Your summoned ally is left behind.
Found a scale mail, a dagger and 13 gold pieces.
Found a stone staircase leading up.
There is a stone staircase leading up here.
Casting: Foxfire (safe; 3% risk of failure)
Confirm with . or Enter, or press ? or * to list all spells.
Flames lash the hobgoblin.
You kill the hobgoblin!
The goblin hits you with a +0 dagger. The goblin hits you with a +0 dagger.
Casting: Scorch (safe; 3% risk of failure)
Confirm with . or Enter, or press ? or * to list all spells.
Flames lash the goblin.
You kill the goblin!
The bat hits you but does no damage. x2
Casting: Scorch (safe; 3% risk of failure)
Confirm with . or Enter, or press ? or * to list all spells.
Flames lash the bat.
You kill the bat!
The dart slug launches a dart at you. The slug dart hits you.
* * * LOW HITPOINT WARNING * * *
The dart slug launches a dart at you. The slug dart misses you.
Casting: Scorch (safe; 3% risk of failure)
Confirm with . or Enter, or press ? or * to list all spells.
You conjure some foxfire!
The foxfire hits the dart slug.
The dart slug is heavily wounded.
The dart slug launches a dart at you. The slug dart hits you.
* * * LOW HITPOINT WARNING * * *
The foxfire hits the dart slug.
The dart slug is almost dead.
Casting: Foxfire (safe; 3% risk of failure)
Confirm with . or Enter, or press ? or * to list all spells.
You conjure some foxfire!
The dart slug launches a dart at you. The slug dart hits you.
You die...

#####.
#.....[
##v.....^
#@§......
#v.§...<.
#.§.§....
#..§.....
#....w...
#........
##.......
#...)$#


You could see a dart slug (ally target).

Vanquished Creatures
  3 adders (D:2)
  2 worms (D:2)
  A dart slug (D:1)
  3 ball pythons
  3 bats
  3 endoplasms
  3 goblins
  A hobgoblin (D:3)
  3 jackals (D:2)
  2 kobolds (D:1)
  2 quokkas (D:1)
  A frilled lizard (D:2)
  3 rats
30 creatures vanquished.

Vanquished Creatures (others)
  85 foxfires
85 creatures vanquished.

Grand Total: 115 creatures vanquished

Notes
Turn   | Place    | Note
-------+----------+-------------------------------------------
     0 | D:1      | Ijustatesigmund the Deep Elf Fire Elementalist began the
                  | quest for the Orb.
     0 | D:1      | Reached XP level 1. HP: 10/10 MP: 6/6
   445 | D:1      | Found Nyikest's Antique Weapon Shop.
   526 | D:1      | Reached XP level 2. HP: 9/16 MP: 2/8
   529 | D:1      | Learned a level 2 spell: Scorch
   679 | D:1      | Found a faded altar of an unknown god.
   883 | D:2      | Reached skill level 1 in Fighting
   883 | D:2      | Reached XP level 3. HP: 19/20 MP: 5/10
  1403 | D:2      | Found a sacrificial altar of Ru.
  1448 | D:2      | Noticed Robin
  1460 | D:3      | Killed from afar by a dart slug

Illustrated notes

Levels and vault maps discovered:
D:1:      wander_arrival_chamber, layout_loops_ring, serial_shops,
          nicolae_shop_statue_plus, shapermc_ecumenical_altar_ellora
D:2:      layout_loops_cross, basic_altar, minmay_misc_feat_hallway,
          minmay_fountain_box, uniq_robin
D:3:      layout_rooms, mainiacjoe_overflow_cross_hatched,
          ebering_ghost_sewer_f, minmay_misc_feat_rows,
          minmay_misc_feat_columns, uniq_crazy_yiuf_cottage

Skill      XL: |  1  2  3 |
---------------+----------+-----
Fighting       | 1 |  1.2
Conjurations   | 2 |  2.2
Dodging        | |  2.4
Stealth        | |  2.4
Spellcasting   | |  3.9
Fire Magic     | |  3.9

Action                     || total
---------------------------++-------
   Cast: Foxfire           ||    58
         Scorch            ||    11
 Armour: Robe              ||    26
  Dodge: Dodged            ||    14

Table legend: (Time is in decaauts)
 A = Elapsed time spent in this place.
 B = Non-inter-level travel time spent in this place.
 C = Inter-level travel time spent in this place.
 D = Time resting spent in this place.
 E = Time spent auto-exploring this place.
 F = Levels seen in this place.
 G = Mean time per level.
                   A        B        C        D        E       F      G
               +--------+--------+--------+--------+--------+-----+--------+
         Total |   1459 |   1452 |      7 |     86 |   1171 |   3 |  486.3 |
       Dungeon |   1459 |   1452 |      7 |     86 |   1171 |   3 |  486.3 |
               +--------+--------+--------+--------+--------+-----+--------+

Top non-repeatable levels by time:
     D:1: 774 daAuts
     D:2: 676 daAuts
     D:3: 8 daAuts
